TEX
ARKANSAS TRAVELERS @ FRISCO ROUGHRIDERS
07/10/2099
 
TOP OF THE 1ST
Arkansas Travelers batting - Pitching for Frisco RoughRiders : RHP Michael Gruber
Pitching: RHP Michael Gruber
Batting: LHB Matt Johansen 0-0: Swinging Strike
0-1: Ball
1-1: Called Strike
1-2: Ground out 4-3 (Groundball, 4, EV 86.3 MPH)
Batting: LHB Adrian Ellis 0-0: Swinging Strike
0-1: Called Strike
0-2: Ball
1-2: Hit by Pitch
Batting: RHB John Phillips 0-0: Ball
1-0: Ball
2-0: Ball
3-0: Base on Balls
Adrian Ellis to second
Batting: RHB Bob Poor 0-0: Called Strike
0-1: Fly out, F8 (Flyball, 8RS, EV 89.4 MPH)
Lined into DP, 8-6 (Flyball, 8RS, EV 89.4 MPH)
Top of the 1st over - 0 runs, 0 hits, 0 errors, 1 left on base; Arkansas 0 - Frisco 0
BOTTOM OF THE 1ST
Frisco RoughRiders batting - Pitching for Arkansas Travelers : LHP Ryan Wright
Pitching: LHP Ryan Wright
Batting: LHB Jose Mejia 0-0: Swinging Strike
0-1: Bunt for hit to 13S - play at first, batter OUT! 1-3
Batting: RHB Zach Baltzell 0-0: Swinging Strike
0-1: Ball
1-1: Called Strike
1-2: Strikes out swinging
Batting: SHB Pablo Cuevas 0-0: Ball
1-0: Foul Ball, location: 9LMF
1-1: Foul Ball, location: 3F
1-2: Foul Ball, location: 2F
1-2: Ground out 5-3 (Groundball, 56, EV 85.0 MPH)
Bottom of the 1st over - 0 runs, 0 hits, 0 errors, 0 left on base; Arkansas 0 - Frisco 0
TOP OF THE 2ND
Arkansas Travelers batting - Pitching for Frisco RoughRiders : RHP Michael Gruber
Batting: RHB John Tinker 0-0: Ball
1-0: Fly out, F3 (Popup, 3SF, EV 72.5 MPH)
Batting: RHB Chris Phillips 0-0: Ball
1-0: Called Strike
1-1: Ball
2-1: Ball
3-1: Foul Ball, location: 25F
3-2: Fly out, F8 (Flyball, 8LM, EV 84.4 MPH)
Batting: RHB Dan Bouldin 0-0: SINGLE (Groundball, 56D, EV 103.8 MPH)
Batting: RHB Nicolas Montecino 0-0: Ball
1-0: Fly out, F3 (Popup, 3F, EV 66.3 MPH)
Top of the 2nd over - 0 runs, 1 hit, 0 errors, 1 left on base; Arkansas 0 - Frisco 0
BOTTOM OF THE 2ND
Frisco RoughRiders batting - Pitching for Arkansas Travelers : LHP Ryan Wright
Batting: LHB Paul Rodriguez 0-0: Ground out 4-3 (Groundball, 4, EV 86.9 MPH)
Batting: RHB Mark Bray 0-0: Called Strike
0-1: Swinging Strike
0-2: Ball
1-2: Ground out 5-3 (Groundball, 5, EV 106.9 MPH)
Batting: LHB Justin Howard 0-0: Ball
1-0: Ground out 1-3 (Groundball, 13, EV 76.9 MPH)
Bottom of the 2nd over - 0 runs, 0 hits, 0 errors, 0 left on base; Arkansas 0 - Frisco 0
TOP OF THE 3RD
Arkansas Travelers batting - Pitching for Frisco RoughRiders : RHP Michael Gruber
Batting: RHB Cody Murray 0-0: Hit by Pitch
Batting: LHB Matt Johansen 0-0: Ball
1-0: Ball
2-0: Ball
3-0: Called Strike
3-1: Foul Ball, location: 2F
3-2: SINGLE (Groundball, 4S, EV 71.3 MPH) (infield hit)
Cody Murray to second
Batting: LHB Adrian Ellis 0-0: SINGLE (Line Drive, 6MD, EV 93.8 MPH)
Cody Murray to third
Matt Johansen to second
Runner from 3rd tries for Home, SAFE, throw by CF to home
Batting: RHB John Phillips 0-0: Ball
1-0: Foul Ball, location: 3F
1-1: Grounds into double play, 5-4-3 (Groundball, 56S, EV 88.1 MPH)
Matt Johansen to third
Batting: RHB Bob Poor 0-0: Ball
1-0: Called Strike
1-1: Ball
2-1: Called Strike
2-2: Foul Ball, location: 2F
2-2: Strikes out looking
Top of the 3rd over - 1 run, 2 hits, 0 errors, 1 left on base; Arkansas 1 - Frisco 0
BOTTOM OF THE 3RD
Frisco RoughRiders batting - Pitching for Arkansas Travelers : LHP Ryan Wright
Batting: RHB Aaron Cote 0-0: Foul Ball, location: 3SF
0-1: Ball
1-1: SINGLE (Groundball, 6MD, EV 110.0 MPH)
Batting: RHB Jason Perilli 0-0: Grounds into double play, 4-6-3 (Groundball, 4, EV 81.3 MPH)
Batting: LHB Jaden White 0-0: Ball
1-0: Called Strike
1-1: Ball
2-1: Fly out, F5 (Popup, 5F, EV 77.5 MPH)
Bottom of the 3rd over - 0 runs, 1 hit, 0 errors, 0 left on base; Arkansas 1 - Frisco 0
TOP OF THE 4TH
Arkansas Travelers batting - Pitching for Frisco RoughRiders : RHP Michael Gruber
Batting: RHB John Tinker 0-0: Swinging Strike
0-1: Swinging Strike
0-2: Strikes out looking
Batting: RHB Chris Phillips 0-0: Called Strike
0-1: Ball
1-1: Swinging Strike
1-2: Strikes out looking
Batting: RHB Dan Bouldin 0-0: Ball
1-0: Ground out 4-3 (Groundball, 4, EV 76.9 MPH)
Top of the 4th over - 0 runs, 0 hits, 0 errors, 0 left on base; Arkansas 1 - Frisco 0
BOTTOM OF THE 4TH
Frisco RoughRiders batting - Pitching for Arkansas Travelers : LHP Ryan Wright
Batting: LHB Jose Mejia 0-0: Ball
1-0: Fly out, F6 (Popup, 6, EV 63.8 MPH)
Batting: RHB Zach Baltzell 0-0: Ball
1-0: Ball
2-0: Ball
3-0: Called Strike
3-1: TRIPLE (Line Drive, 89XD, EV 110.6 MPH)
Batting: SHB Pablo Cuevas 0-0: Foul Ball, location: 5F
0-1: Ball
1-1: Called Strike
1-2: Ground out 5-3 (Groundball, 56S, EV 70.6 MPH)
Batting: LHB Paul Rodriguez 0-0: Ground out 4-3 (Groundball, 4, EV 110.6 MPH)
Bottom of the 4th over - 0 runs, 1 hit, 0 errors, 1 left on base; Arkansas 1 - Frisco 0
TOP OF THE 5TH
Arkansas Travelers batting - Pitching for Frisco RoughRiders : RHP Michael Gruber
Batting: RHB Nicolas Montecino 0-0: Swinging Strike
0-1: Foul Ball, location: 23FF
0-2: Ball
1-2: Strikes out swinging
Batting: RHB Cody Murray 0-0: Called Strike
0-1: Ball
1-1: Ball
2-1: Foul Ball, location: 9LDF
2-2: Ground out 6-3 (Groundball, 6, EV 81.3 MPH)
Batting: LHB Matt Johansen 0-0: Ball
1-0: Foul Ball, location: 7LDF
1-1: Foul Ball, location: 3FF
1-2: Strikes out looking
Top of the 5th over - 0 runs, 0 hits, 0 errors, 0 left on base; Arkansas 1 - Frisco 0
BOTTOM OF THE 5TH
Frisco RoughRiders batting - Pitching for Arkansas Travelers : LHP Ryan Wright
Batting: RHB Mark Bray 0-0: Ball
1-0: SINGLE (Line Drive, 7S, EV 88.8 MPH)
Batting: LHB Justin Howard 0-0: Ball
1-0: Ball
2-0: Bunt - Flyout to 15S! F1
Batting: RHB Aaron Cote 0-0: Foul Ball, location: 9LSF
0-1: Foul Ball, location: 9LSF
0-2: Ball
1-2: Grounds into double play, 6-4-3 (Groundball, 6, EV 85.0 MPH)
Bottom of the 5th over - 0 runs, 1 hit, 0 errors, 0 left on base; Arkansas 1 - Frisco 0
TOP OF THE 6TH
Arkansas Travelers batting - Pitching for Frisco RoughRiders : RHP Michael Gruber
Batting: LHB Adrian Ellis 0-0: Called Strike
0-1: Ball
1-1: Foul Ball, location: 25F
1-2: Strikes out looking
Batting: RHB John Phillips 0-0: Ball
1-0: Foul Ball, location: 2F
1-1: Foul Ball, location: 9LDF
1-2: Ground out 5-3 (Groundball, 56, EV 90.6 MPH)
Batting: RHB Bob Poor 0-0: Called Strike
0-1: Foul Ball, location: 2F
0-2: Ball
1-2: Foul Ball, location: 2F
1-2: DOUBLE (Flyball, 78XD, EV 99.4 MPH)
Batting: RHB John Tinker 0-0: Called Strike
0-1: Hit by Pitch
Pinch Runner at 1st Jason Southerland:
Batting: RHB Chris Phillips 0-0: Ball
1-0: Foul Ball, location: 23F
1-1: Ball
2-1: Ground out 4-3 (Groundball, 4, EV 103.8 MPH)
Top of the 6th over - 0 runs, 1 hit, 0 errors, 2 left on base; Arkansas 1 - Frisco 0
BOTTOM OF THE 6TH
Frisco RoughRiders batting - Pitching for Arkansas Travelers : LHP Ryan Wright
Now in CF: Matt Johansen
Now in RF: Jason Southerland
Batting: RHB Jason Perilli 0-0: Foul Ball, location: 2F
0-1: Ball
1-1: Ball
2-1: Ground out 5-3 (Groundball, 56S, EV 61.9 MPH)
Batting: LHB Jaden White 0-0: Ball
1-0: Ball
2-0: Ball
3-0: Base on Balls
Batting: LHB Jose Mejia 0-0: Called Strike
0-1: Foul Ball, location: 9LSF
0-2: Strikes out looking
Batting: RHB Zach Baltzell 0-0: Ground out 6-3 (Groundball, P, EV 90.0 MPH)
Bottom of the 6th over - 0 runs, 0 hits, 0 errors, 1 left on base; Arkansas 1 - Frisco 0
TOP OF THE 7TH
Arkansas Travelers batting - Pitching for Frisco RoughRiders : RHP Michael Gruber
Batting: RHB Dan Bouldin 0-0: Ball
1-0: Ball
2-0: Called Strike
2-1: Foul Ball, location: 3FF
2-2: Strikes out swinging
Batting: RHB Nicolas Montecino 0-0: Called Strike
0-1: Called Strike
0-2: Ball
1-2: Strikes out looking
Batting: RHB Cody Murray 0-0: Foul Ball, location: 23FF
0-1: SINGLE (Groundball, 6MD, EV 105.6 MPH)
Batting: LHB Matt Johansen 0-0: Called Strike
0-1: Swinging Strike
0-2: Foul Ball, location: 7LDF
0-2: Ball
1-2: Strikes out looking
Top of the 7th over - 0 runs, 1 hit, 0 errors, 1 left on base; Arkansas 1 - Frisco 0
BOTTOM OF THE 7TH
Frisco RoughRiders batting - Pitching for Arkansas Travelers : LHP Ryan Wright
Batting: SHB Pablo Cuevas 0-0: Ball
1-0: Called Strike
1-1: Foul Ball, location: 2F
1-2: Strikes out swinging, 2-3 out at first.
Batting: LHB Paul Rodriguez 0-0: Fly out, F9 (Flyball, 9, EV 76.3 MPH)
Batting: RHB Mark Bray 0-0: Ground out 6-3 (Groundball, 6, EV 90.6 MPH)
Bottom of the 7th over - 0 runs, 0 hits, 0 errors, 0 left on base; Arkansas 1 - Frisco 0
TOP OF THE 8TH
Arkansas Travelers batting - Pitching for Frisco RoughRiders : RHP Michael Gruber
Pitching: RHP Carlos Figueroa
Batting: LHB Adrian Ellis 0-0: Ball
1-0: Called Strike
1-1: Ball
2-1: Ball
3-1: Base on Balls
Batting: RHB John Phillips 0-0: Ball
1-0: Called Strike
1-1: Foul Ball, location: 9LDF
1-2: Strikes out swinging
Batting: RHB Bob Poor 0-0: Ball
1-0: Called Strike
1-1: Grounds into double play, 4-6-3 (Groundball, 4, EV 78.1 MPH)
Top of the 8th over - 0 runs, 0 hits, 0 errors, 0 left on base; Arkansas 1 - Frisco 0
BOTTOM OF THE 8TH
Frisco RoughRiders batting - Pitching for Arkansas Travelers : LHP Ryan Wright
Now in LF: Jonathan Baynham
Batting: LHB Justin Howard 0-0: Called Strike
0-1: Foul Ball, location: 23F
0-2: Ball
1-2: Strikes out looking
Batting: RHB Aaron Cote 0-0: Ball
1-0: Foul Ball, location: 23FF
1-1: Ground out 4-3 (Groundball, 4S, EV 85.6 MPH)
Batting: RHB Jason Perilli 0-0: Swinging Strike
0-1: SINGLE (Line Drive, 7LM, EV 93.1 MPH)
Batting: RHB Bryan Shewmaker 0-0: Swinging Strike
0-1: Swinging Strike
0-2: Strikes out swinging
Bottom of the 8th over - 0 runs, 1 hit, 0 errors, 1 left on base; Arkansas 1 - Frisco 0
TOP OF THE 9TH
Arkansas Travelers batting - Pitching for Frisco RoughRiders : RHP Carlos Figueroa
Pinch Hitting: SHB Jonathan Paszek 0-0: Ball
1-0: Foul Ball, location: 5F
1-1: SINGLE (Line Drive, 56D, EV 110.0 MPH)
Batting: RHB Chris Phillips 0-0: Grounds into double play, 4-6-3 (Groundball, 34, EV 96.3 MPH)
Batting: RHB Dan Bouldin 0-0: Called Strike
0-1: Ball
1-1: Foul Ball, location: 2F
1-2: Fly out, F8 (Flyball, 8RD, EV 110.0 MPH)
Top of the 9th over - 0 runs, 1 hit, 0 errors, 0 left on base; Arkansas 1 - Frisco 0
BOTTOM OF THE 9TH
Frisco RoughRiders batting - Pitching for Arkansas Travelers : LHP Ryan Wright
Now in RF: Adam Scott
Batting: LHB Jose Mejia 0-0: Ball
1-0: Foul Ball, location: 2LF
1-1: Ball
2-1: Ball
3-1: Base on Balls
Batting: RHB Zach Baltzell 0-0: Ground out 5-3 (Groundball, 56S, EV 71.9 MPH)
Jose Mejia to second
Batting: SHB Pablo Cuevas 0-0: Ball
1-0: Ball
2-0: Called Strike
2-1: Foul Ball, location: 25F
2-2: Ball
3-2: Strikes out swinging
Batting: LHB Paul Rodriguez 0-0: Ball
1-0: Ball
2-0: Ball
3-0: Called Strike
3-1: Called Strike
3-2: Foul Ball, location: 2F
3-2: Fly out, F7 (Flyball, 7, EV 86.3 MPH)
Bottom of the 9th over - 0 runs, 0 hits, 0 errors, 1 left on base; Arkansas 1 - Frisco 0
Saturday, May 11th , 2024 - OOTP Baseball 24.11 Build 85